 Dungeon Crawl Stone Soup version 0.13.0-7-g3df9ff1 (webtiles) character file.

176 Duskembrace the Ruffian (level 4, 0/38 HPs)
             Began as a Ghoul Monk on Oct 16, 2013.
             Slain by a gnoll
             ... wielding a +0,+0 flail
              (12 damage)
             ... on Level 3 of the Dungeon.
             The game lasted 00:09:16 (1765 turns).

Duskembrace the Ruffian (Ghoul Monk)                Turns: 1765, Time: 00:09:17

HP   0/38        AC  5     Str 15      XL: 4   Next: 21%
MP   2/2         EV  9     Int  5      God:
Gold 106         SH  0     Dex 11      Spells:  0 memorised,  3 levels left

Res.Fire  : . . .   See Invis. : .     - Unarmed
Res.Cold  : + . .   Warding    : .   i - +0 ring mail
Life Prot.: + + +   Conserve   : .   (no shield)
Res.Poison: +       Res.Corr.  : .   (no helmet)
Res.Elec. : .       Clarity    : .   (no cloak)
Sust.Abil.: . .     Spirit.Shd : .   (no gloves)
Res.Mut.  : .       Stasis     : .   (no boots)
Res.Rott. : +       Flight     : .   (no amulet)
Saprovore : + + +                    (no ring)
                                     (no ring)

@: rotting, slightly resistant to hostile enchantments, unstealthy
A: rotting body, claws 1, carnivore 3, cold resistance 1, life protection 3,
poison resistance, saprovore 3, slow healing 1, torment resistance, unbreathing
a: no special abilities


You were on level 3 of the Dungeon.
You were not hungry.

You visited 1 branch of the dungeon, and saw 3 of its levels.

You collected 106 gold pieces.

Inventory:

Missiles
 m - 27 darts (quivered)
Armour
 a - a +0 robe
 i - a +0 ring mail (worn)
Magical devices
 p - a wand of digging (11) {unknown}
Comestibles
 k - 2 meat rations
 w - 2 chunks of jackal flesh
Scrolls
 b - 2 scrolls of random uselessness {unknown}
 d - 2 scrolls of enchant weapon II {unknown}
 e - 2 scrolls of enchant weapon I {unknown}
 f - 6 scrolls of remove curse {unknown}
 g - a scroll of amnesia {unknown}
 h - 7 scrolls of identify {unknown}
 l - a scroll of teleportation {unknown}
 o - a scroll of fog {unknown}
 q - 3 scrolls of curse jewellery {unknown}
 s - a scroll of curse weapon {unknown}
Jewellery
 v - an uncursed ring of fire {unknown}
 x - an uncursed amulet of rage {unknown}
Potions
 c - a potion of speed {unknown}
 j - a potion of beneficial mutation {unknown}
 n - 2 potions of poison {unknown}
 r - a potion of curing {unknown}
 t - a potion of flight {unknown}
 u - a potion of degeneration {unknown}
 z - 2 potions of mutation {unknown}


   Skills:
 + Level 4.0 Fighting
 + Level 0.3 Armour
 + Level 3.1 Dodging
 + Level 2.3 Stealth
 + Level 5.2 Unarmed Combat


You had 3 spell levels left.
You didn't know any spells.

Dungeon Overview and Level Annotations

Branches:
Dungeon (3/27)

Altars:


Innate Abilities, Weirdness & Mutations

Your body is rotting away.
You have sharp fingernails.
You are carnivorous and can eat meat at any time.
Your flesh is cold resistant.
You are immune to negative energy.
Your system is resistant to poisons.
You thrive on rotten meat.
You heal slowly.
You are immune to unholy pain and torment.
You can survive without breathing.


Message History

The gnoll barely misses you.
You claw the gnoll!
The gnoll is almost dead.
The gnoll hits you but does no damage. The gnoll closely misses you.
You hit the gnoll but do no damage.
The gnoll is almost dead.
The gnoll hits you from afar with a spear.
The gnoll barely misses you.
You hit the gnoll.
You kill the gnoll!
The gnoll hits you from afar with a spear.
You barely miss the gnoll. The gnoll closely misses you.
The gnoll hits you but does no damage.
You closely miss the gnoll. The gnoll hits you with a flail.
The gnoll hits you but does no damage.
You claw the gnoll!
The gnoll begins to bleed from its wounds!
The gnoll is heavily wounded.
The gnoll hits you with a flail!
You die...

########'## ##.#
###..# # #...## ...
####.#### ....
####.......# .....
###..........#
.......##...##.......#
......gg@.####.......#
......g#### #.....).#
..... #.......# ....
######### ... #


You could see 3 gnolls.

Vanquished Creatures
  A gnoll (D:3)
  2 adders (D:2)
  A worm (D:3)
  2 giant geckos
  A ball python (D:1)
  2 giant cockroaches
  4 goblins
  5 hobgoblins
  4 jackals
  A quokka (D:2)
  7 bats
  A giant newt (D:1)
  A kobold (D:3)
  4 rats
36 creatures vanquished.

Notes
Turn   | Place    | Note
--------------------------------------------------------------
     0 | D:1      | Duskembrace, the Ghoul Monk, began the quest for the Orb.
     0 | D:1      | Reached XP level 1. HP: 17/17 MP: 0/0
   135 | D:1      | Reached XP level 2. HP: 24/24 MP: 1/1
   757 | D:2      | Reached XP level 3. HP: 30/30 MP: 2/2
   871 | D:2      | Reached skill level 5 in Unarmed Combat
  1543 | D:3      | Reached XP level 4. HP: 38/38 MP: 2/2
  1765 | D:3      | Slain by a gnoll

Action                   |  1- 3 |  4- 6 || total
-------------------------+-------+-------++-------
Melee: Unarmed           |    95 |    16 ||   111
